Cogmind - Beta 16.1 *** ADVENTURER MODE // 2026.02.10 @ 20:01:42 Player: Jefffff Result: Destroyed by LK-M28(R) with Subdweller Beam Cannon Performance ------------- Evolutions (0) 0 Regions Visited (3) 600 Robots Destroyed (19) 95 Value Destroyed (464) 464 Prototype IDs (2) 40 Alien Tech Used (0) 0 Bonus (0) 0 TOTAL SCORE: 1199 Bonus ------- None Cogmind --------- Core Integrity 0/250 Matter 287/300 Energy 100/100 System Corruption 0% Temperature Cool (9) Movement Treading (160) Location -10/Subcaves Parts ------- > --- POWER (1) -------- (None) > --- PROPULSION (2) --- Light Treads Light Treads > --- UTILITY (2) ------ Large Storage Unit ECM Suite > --- WEAPON (2) ------- Minigun Hammer > --- INVENTORY (15) --- Ion Engine Compact Wheel Heat Sink Structural Scanner Visual Processing Unit Signal Interpreter Targeting Computer Utility Shielding Weapon Shielding Weapon Shielding Weapon Shielding Assault Rifle Assault Rifle Rocket Launcher Datajack Peak State ------------ > --- POWER ------------ Light Nuclear Core > --- PROPULSION ------- Light Treads Light Treads > --- UTILITY ---------- Large Storage Unit ECM Suite > --- WEAPON ----------- Assault Rifle Minigun > --- INVENTORY -------- Ion Engine Compact Wheel Heat Sink Heat Sink Structural Scanner Visual Processing Unit Signal Interpreter Signal Interpreter Targeting Computer Utility Shielding Weapon Shielding Weapon Shielding Weapon Shielding Assault Rifle Hammer [Rating: 12] Favorites ----------- Power Light Nuclear Core Engine Light Ion Engine Power Core Light Nuclear Core Propulsion Light Treads Treads Light Treads Leg Aluminum Leg Utility ECM Suite Device ECM Suite Storage Large Storage Unit Weapon Assault Rifle Ballistic Gun Assault Rifle Impact Weapon Hammer Build | -11 -10 -10 -10 ------- Run | Yrd Mat Min Sub Slots Evolved . | . . . . Power . | . . . . Propulsion . | . . . . Utility . | . . . . Weapon . | . . . . Parts Attached 19 | 6 4 9 . Power 4 | 1 1 2 . Engine 3 | 1 1 1 . Core 1 | . . 1 . Reactor . | . . . . Propulsion 4 | 2 . 2 . Treads 2 | . . 2 . Leg 2 | 2 . . . Wheel . | . . . . Hover . | . . . . Flight . | . . . . Utility 3 | 1 2 . . Device 1 | . 1 . . Storage 2 | 1 1 . . Processor . | . . . . Hackware . | . . . . Protection . | . . . . Artifact . | . . . . Weapon 8 | 2 1 5 . Energy Gun . | . . . . Energy Cannon . | . . . . Ballistic Gun 7 | 2 1 4 . Ballistic Cannon . | . . . . Launcher . | . . . . Special Weapon . | . . . . Impact Weapon 1 | . . 1 . Slashing Weapon . | . . . . Piercing Weapon . | . . . . Special Melee Weapon . | . . . . Unidentified Prototypes . | . . . . Parts Lost 6 | . . 5 1 Power 2 | . . 1 1 Propulsion 2 | . . 2 . Utility . | . . . . Weapon 2 | . . 2 . Highest Loss Streak 5 | . . 5 1 To Critical Strikes . | . . . . Average Backups 13 | 1 8 14 15 Power 1 | . 1 1 1 Propulsion . | . . . 1 Utility 8 | . 4 9 9 Weapon 2 | . 1 2 3 Tool/Special . | . . . . Unused Backups 18 | . 1 4 13 Power 1 | . . 1 . Propulsion 1 | . . . 1 Utility 13 | . 1 3 9 Weapon 2 | . . . 2 Tool/Special 1 | . . . 1 Average Slot Usage (%) 98 | . 98 98 100 Engine 4 | . 14 2 . Core 9 | . . 10 14 Treads 20 | . . 25 28 Leg 6 | . 28 1 . Device 13 | . 12 14 14 Storage 14 | . 14 14 14 Ballistic Gun 26 | . 28 27 22 Impact Weapon 1 | . . . 5 Peak Build Rating 12 | 6 8 12 12 Average Rating 10 | 4 7 11 12 On Entrance 6 | . 6 8 12 Avg Prop Armor Cover (%) . | . . . . Naked Turns . | . . . . Heaviest Build 32 | 11 30 32 32 Greatest Support 40 | 20 20 40 40 Greatest Overweight (x) 9 | . 1 9 . Average Overweight (x) . | . . . . Largest Inventory Capacity 15 | 8 15 15 15 Average Capacity 14 | 7 12 15 15 Most Carried 15 | 2 15 15 15 Average Carried 13 | . 8 14 15 Final Capacity 15 | 8 15 15 15 Final Carried 15 | 2 15 15 15 Class Distribution -------------------- 100% | Mutant Dominant Class ---------------- Mutant | -10/Materials Mutant | -10/Mines Mutant | -10/Subcaves Resources | -11 -10 -10 -10 ----------- Run | Yrd Mat Min Sub Matter Collected 653 | 221 207 114 111 Remotely . | . . . . Salvage Created 670 | . 346 188 136 Parts 44 | . 25 6 13 Haulers Intercepted 2 | . 2 . . Recyclers Shooed . | . . . . Parts Field Recycled . | . . . . Retrieved Matter . | . . . . Parts Self-Destructed 15 | . . . 15 Prevented . | . . . . Parts Restored . | . . . . Kills | -11 -10 -10 -10 ------- Run | Yrd Mat Min Sub Combat Hostiles Destroyed 14 | . 7 2 5 Guns 11 | . 5 1 5 AOE 2 | . 2 . . Classes Destroyed 7 | . 4 2 1 Hauler 2 | . 2 . . Recycler 1 | . . 1 . Watcher 2 | . 2 . . Swarmer 6 | . 3 . 3 Grunt 4 | . 4 . . Sentry 2 | . . 2 . Subdweller 2 | . . . 2 Best Kill Streak 3 | . 3 1 3 Combat Bots Only 3 | . 3 1 3 Max Kills in Single Turn 2 | . 2 1 1 Gunslinging . | . . . . Exploded 2 | . 2 . . Melee . | . . . . Uniques/NPCs Destroyed . | . . . . Combat | -11 -10 -10 -10 -------- Run | Yrd Mat Min Sub Hostile Shots Fired 131 | . 40 66 25 Missed 34 | . 10 19 5 Hits 97 | . 30 47 20 Projectile 97 | . 30 47 20 Critical Strikes 5 | . 1 4 . Damage Taken 1193 | . 280 571 342 Core 269 | . 46 117 106 Absorbed by Shields . | . . . . Ignored by Resistances 341 | . 86 161 94 Core Remaining (%) 100 | 100 . . . Volleys Fired 60 | . 32 13 15 Largest 2 | . 2 2 2 Hottest 45 | . 40 40 45 Shots Fired 118 | . 64 26 28 Gun 118 | . 64 26 28 Cannon . | . . . . Launcher . | . . . . Special . | . . . . Kinetic 118 | . 64 26 28 Thermal . | . . . . Explosive . | . . . . Electromagnetic . | . . . . Robot Hit Streak 26 | . 12 25 26 Robot Miss Streak 3 | . 3 1 3 Penetration Max . | . . . . Secondary Targets 2 | . 2 . . Max Gunslinging Chain 1 | . 1 . . Shots Hit Robots 101 | . 45 34 22 Core Hits 34 | . 23 4 7 Critical Kills . | . . . . Critical Parts Destroyed 4 | . 2 2 . Critical Strikes 5 | . 2 3 . Destroy 2 | . 2 . . Smash 3 | . . 3 . Melee Attacks 17 | . . 9 8 Impact 17 | . . 9 8 Slashing . | . . . . Piercing . | . . . . Sneak Attacks . | . . . . Combat Hostiles . | . . . . Follow-up Attacks . | . . . . Damage Inflicted 1382 | . 611 432 339 Guns 1096 | . 476 281 339 Cannons . | . . . . Explosions 135 | . 135 . . Melee 151 | . . 151 . Ramming . | . . . . Kinetic 1096 | . 476 281 339 Thermal 135 | . 135 . . Explosive . | . . . . Electromagnetic . | . . . . Impact 151 | . . 151 . Slashing . | . . . . Piercing . | . . . . Highest Corruption . | . . . . Average Corruption . | . . . . Corruption Purged . | . . . . Corruption Blocked . | . . . . Overload Shots . | . . . . Overflow Damage 32 | . . 32 . Projectiles . | . . . . Explosions . | . . . . Melee 32 | . . 32 . Knockbacks . | . . . . Impact . | . . . . Kinetic . | . . . . Secondary . | . . . . Self-Inflicted Damage . | . . . . Shots . | . . . . Rammed . | . . . . Targets Rammed . | . . . . Kicked . | . . . . Crushed . | . . . . Highest Temperature 32 | . 27 32 . Average Temperature 11 | . 11 12 . Received Heat Transfer 561 | . 198 279 84 Siege Activations . | . . . . Martial Activations . | . . . . Shielding Activations . | . . . . Robots Disrupted . | . . . . Combat Hostiles . | . . . . Robots Corrupted 1 | . . 1 . Combat Hostiles 1 | . . 1 . Parts Fried 1 | . . 1 . Impact Corruptions 2 | . . 2 . Robots Melted . | . . . . Combat Hostiles . | . . . . Parts Melted . | . . . . Heat Transferred 100 | . 100 . . Parts Sabotaged . | . . . . Parts Stolen . | . . . . Parts Stripped . | . . . . Power Chain Reactions . | . . . . Alert | -11 -10 -10 -10 ------- Run | Yrd Mat Min Sub Maximum Alert Level . | . . . . Low Security (%) 100 | 100 100 100 . Level 1 . | . . . . Level 2 . | . . . . Level 3 . | . . . . Level 4 . | . . . . Level 5 . | . . . . High Security . | . . . . Max Security . | . . . . Peak Influence 148 | . 148 30 . Initial 8 | . . 8 . Average 12 | . 48 . . Influence Increases 361 | . 246 45 70 Destroy 0b10 Robot/C 240 | . 140 40 60 Destroy 0b10 Robot/NC 25 | . 20 5 . Destroy Leader 48 | . 38 . 10 Disable Machine 27 | . 27 . . Destroy Structure 21 | . 21 . . Influence Decreases 361 | . 219 72 70 Entered New Map 19 | . . 19 . Time Decay 342 | . 219 53 70 Squads Dispatched . | . . . . Investigation . | . . . . Extermination . | . . . . Reinforcement . | . . . . Assault . | . . . . Garrison . | . . . . Intercept . | . . . . Searches Triggered . | . . . . Construction Impeded . | . . . . Haulers Reinforced . | . . . . Active Scanning Responses . | . . . . Cargo Convoy Interrupts . | . . . . Stealth | -11 -10 -10 -10 --------- Run | Yrd Mat Min Sub Distress Signals 1 | . 1 . . Communications Jammed . | . . . . Distress Signals . | . . . . Times Spotted 24 | . 14 2 8 Peak Tracking Total 3 | . 3 2 3 Tactical Retreats 1 | . . . 1 ECM-based Alert Blocks 2 | . . . 2 Traps | -11 -10 -10 -10 ------- Run | Yrd Mat Min Sub Traps Triggered 1 | . . 1 . Indirectly . | . . . . Trap Hack Attempts . | . . . . Triggered . | . . . . Disarmed . | . . . . Reprogrammed . | . . . . Reused . | . . . . Traps Extracted . | . . . . Installed . | . . . . Triggered . | . . . . Machines | -11 -10 -10 -10 ---------- Run | Yrd Mat Min Sub Machines Disabled 3 | . 3 . . Max in Single Turn 3 | . 3 . . Machines Repaired . | . . . . Machines Dismantled . | . . . . Machines Sabotaged . | . . . . Overloaded Fab Kills . | . . . . Hacking | -11 -10 -10 -10 --------- Run | Yrd Mat Min Sub Machines Accessed 3 | . 2 1 . Terminals 2 | . 2 . . Fabricators . | . . . . Repair Stations . | . . . . Recycling Units . | . . . . Scanalyzers . | . . . . Garrison Access . | . . . . Total Hacks 6 | . 5 1 . Successful 6 | . 5 1 . Failed . | . . . . Catastrophic . | . . . . Database Lockouts . | . . . . Manual 4 | . 4 . . Terminals 5 | . 5 . . Fabricators . | . . . . Repair Stations . | . . . . Recycling Units . | . . . . Scanalyzers . | . . . . Garrison Access . | . . . . Terminal Hacks 4 | . 3 1 . Prototype ID Bank 1 | . 1 . . Open Door 1 | . . 1 . Terminal Index 1 | . 1 . . Alert Level 1 | . 1 . . Fabricator Hacks . | . . . . Repair Station Hacks . | . . . . Recycling Unit Hacks . | . . . . Scanalyzer . | . . . . Garrison Access Hacks . | . . . . Unauthorized Hacks 2 | . 2 . . Terminals 2 | . 2 . . Botnet 2 | . 2 . . Fabricators . | . . . . Repair Stations . | . . . . Recycling Units . | . . . . Scanalyzers . | . . . . Garrison Access . | . . . . Data Cores Recovered . | . . . . Used . | . . . . Hacking Detections 2 | . 2 . . Full Trace Events . | . . . . Feedback Events . | . . . . Feedback Blocked . | . . . . Robot Schematics Acquired . | . . . . Robots Built . | . . . . Authchips . | . . . . Time . | . . . . Total Robot Build Rating . | . . . . Part Schematics Acquired . | . . . . Parts Built . | . . . . Authchips . | . . . . Time . | . . . . Total Part Build Rating . | . . . . Part Studies Acquired . | . . . . Parts Repaired . | . . . . Time . | . . . . Parts Recycled . | . . . . Recycled Matter . | . . . . Retrieved Matter . | . . . . Retrieved Components . | . . . . Parts Scanalyzed . | . . . . Part Schematics Acquired . | . . . . Parts Damaged . | . . . . Bothacking | -11 -10 -10 -10 ------------ Run | Yrd Mat Min Sub Used RIF Installer . | . . . . Robots Hacked . | . . . . Non-combat . | . . . . Combat . | . . . . Robot Hacks Applied . | . . . . Relay Couplers Released . | . . . . Fabnet Peak Effective % . | . . . . Robots Rewired . | . . . . Allies Hacked . | . . . . Hacks Repelled . | . . . . Allies | -11 -10 -10 -10 -------- Run | Yrd Mat Min Sub Total Allies . | . . . . Largest Group . | . . . . Highest-Rated Group . | . . . . Highest-Rated Ally . | . . . . Total Orders . | . . . . Ally Attacks . | . . . . Total Damage . | . . . . Kills . | . . . . Allies Corrupted . | . . . . Allies Melted . | . . . . Intel | -11 -10 -10 -10 ------- Run | Yrd Mat Min Sub Active Infowar (turns) 2798 | . 534 1656 608 ECM 2798 | . 534 1656 608 Robot Analysis Total . | . . . . Derelict Logs Recovered 1 | . . 1 . Drone Launches . | . . . . Drone Recoveries . | . . . . Exploration | -11 -10 -10 -10 ------------- Run | Yrd Mat Min Sub Turns Passed 2904 | 66 574 1656 608 Spaces Moved 1625 | 49 282 957 337 Core 8 | 5 . 3 . Treads 1255 | . . 918 337 Legs 362 | 44 282 36 . Wheels . | . . . . Hover . | . . . . Flight . | . . . . Fastest Speed 50 | 50 120 160 160 Average Speed 160 | 112 163 162 160 Slowest Speed 500 | 120 190 500 160 Overloaded Moves . | . . . . Propulsion Burnouts . | . . . . Robots Hopped . | . . . . Potential Cave-ins . | . . . . Cave-ins Triggered . | . . . . Exploration Rate (%) 45 | 4 51 99 28 Regions Visited 3 Branch Regions 2 Pre-discovered Areas . | . . . . Known Exits Taken . | . . . . Unknown Exits Taken 3 | 1 1 1 . Scrap Searched 1 | . . 1 . Spaces Dug . | . . . . Terrain Destroyed 36 | . 36 . . Melee . | . . . . Projectile . | . . . . AOE 36 | . 36 . . Terrain Rammed . | . . . . Walls Destroyed . | . . . . Machines Disabled . | . . . . Actions | -11 -10 -10 -10 --------- Run | Yrd Mat Min Sub Total 1784 | 56 338 1022 368 Wait 31 | . 5 19 7 Move 1622 | 48 281 956 337 Hop . | . . . . Pick Up 23 | 2 13 8 . Fast Attach 7 | 6 1 . . Attach 5 | . . 5 . Detach . | . . . . Swap 9 | . 3 5 1 Drop 10 | . 3 7 . Fire 60 | . 32 13 15 Melee 17 | . . 9 8 Ram . | . . . . Kick . | . . . . Crush . | . . . . Escape Stasis . | . . . . Rewire . | . . . . Trap . | . . . . Miscellaneous . | . . . . Route ------- -11/Scrapyard -10/Materials (discovered 2 exits: [*Mat] / *Min) -10/Mines (discovered 3 exits: [*Mat x2] / [*Sub]) -10/Subcaves History --------- Turn | Location | Event 5 | -11/Scrapyard | Discovered new exit (range 15) 67 | -11/Scrapyard | Entered Materials 313 | -10/Materials | Build established: Mutant 416 | -10/Materials | Discovered new exit (range 3) 628 | -10/Materials | Discovered new exit (range 7) 641 | -10/Materials | Entered Mines 749 | -10/Mines | Core integrity fell below 50% 776 | -10/Mines | Lost 5 parts (1p2n2w) 873 | -10/Mines | Learned Materials terminal intel 970 | -10/Mines | Met a Derelict who couldn't figure out how to use a Trap Extractor 1072 | -10/Mines | Discovered new exit (range 12) 1207 | -10/Mines | Discovered new exit (range 5) 1360 | -10/Mines | Received a Rocket Launcher from a helpful Derelict 1483 | -10/Mines | Discovered new exit (range 8) 2297 | -10/Mines | Entered Subcaves 2591 | -10/Subcaves | Core integrity fell below 20% 2829 | -10/Subcaves | Shifting Twisted Machinery released Sub. Monowheel 2867 | -10/Subcaves | Shifting Twisted Machinery released Battle Rifle 2905 | -10/Subcaves | Destroyed by LK-M28(R) with Subdweller Beam Cannon Last Messages --------------- 02465_ Flight Unit fries itself beyond repair. 02469_ Acquired 18 matter. 02470_ Acquired 13 matter. 02471_ Lgt. Assault Rifle fries itself beyond repair. 02472_ Subatomizers dissect the Flight Unit. 02475_ Flight Unit fries itself beyond repair. 02506_ EQ-708(R) destroyed. 02508_ Subatomizers dissect the Disposable Heat Sink. 02512_ Acquired 36 matter. 02534_ Subatomizers dissect the Sub. Monowheel. 02607_ D8-R0V(R) destroyed. 02613_ Acquired 44 matter. Sub. Monowheel falls loose from the Twisted Machinery. Battle Rifle falls loose from the Twisted Machinery. 02903_ CS-PI9(R) destroyed. 02905_ Lgt. Nuclear Core destroyed. Map ----- +----------------------------------------------------+ | ##### %= ??????????????????????? | | ????# ???????????????????????? | | ????## ## ???????????????????????? | | ?????# ##?? ????????????????????????? | | ??#### ####???? ????????????????????????? | | ### #???????? ????????????????????????? | | # #### ????? ###?????????????????????????? | | ### ???#???????????????????????????? | | ##?# ???????????????????????????????? | | ### #?????????????????????????????? | | ## #??????????????????????????????? | | # ##? ##??????????????????????????????? | | # #???????????????????????????????? | | # ????????????????????????????????? | | # ## ????????????????????????????????? | | #### ## ????????????????????????????????? | | #?## ### ???????????????????????????????? | | #??? ##? ??????????????????????????????? | | ##???# #? ????????????????#????????????? | | ##??????#?? ????????????? #????????????? | | ##?????????? ??????????? ## ??????????? | | ##????#??????? ########## ?????????? | | #??? #????????# # # ????????????? | | #???? ###??????# !R #???????????????? | | #???? #????????? =% ??????????????????? | | ##??? ###??????????#@ #?????????????????????? | | #??? ?????????## ##?????????????????????? | | #???# ??????????# #??????????????????????? | | #???# ???????????# #??????????????????????? | | ##??# ???????????## #??????????????????????? | | ##?# ????????????##[#??????????????????????? | | ### #?????????####" ##?????????????????????? | | ## #????????## #?????????????????????? | | ## #######?##" # ## #?????????????????????? | | # ## # #"" ### "###?##?????????????????????? | | # " ##???????????????????????? | | = #???????????????????????? | | # # ###???????????????????????? | | ###### ##?????????????????????????? | | #??# ##??????????????????????????? | | # ##### ##??# ##???????????????????????????? | | ####???#######???####????????????????????????????? | | ?????????????????????????????????????????????????? | | ?????????????????????????????????????????????????? | | ?????????????????????????????????????????????????? | | ?????????????????????????????????????????????????? | | ?????????????????????????????????????????????????? | | ?????????????????????????????????????????????????? | | ?????????????????????????????????????????????????? | | ?????????????????????????????????????????????????? | +----------------------------------------------------+ Best States ------------- Heat Dissipation 25 Energy Generation 14 Energy Capacity 250 Matter Stores 300 Matter Capacity 300 Sight Range 16 Terrain Scan Density 10 ECM Strength 1 Resistance: KI 20 Resistance: TH 20 Resistance: EX 20 Resistance: EM 20 Resistance: I 20 Resistance: S 20 Resistance: P 20 Evasion (%) 55 Recoil Reduction 2 Offensive Hacking 10 Item Schematics ----------------- None Robot Schematics ------------------ None Fabricated ------------ Nothing Repaired ---------- Nothing Studied --------- None Alien Tech Used ----------------- None Achievements -------------- None Challenges ------------ None Game ------ Seed GravitonInsulatedSource Manual? 0 Play Time 00:13:27 Cumulative 267.7 hours Start 2026.02.10 @ 19:48:53 End 2026.02.10 @ 20:01:42 Sessions 1 Manual Loads 0 Difficulty Adventurer Special Mode None Game No. 313 Rogue 0 Adventurer 313 Explorer 0 Win Type - Total 0 Types 0/0/0/0/0/0/0/0/0/0 Lore% 73 Gallery% 57 Achievement% 35 Wizard Run 0 Options --------- Layout 2 ASCII 0 Keyboard 0 Movement Mouse Keybinds 0 Fullscreen 2 Font 48/Smallcaps Map View 50x44 Zoom Use 0% Tactical HUD 1 Map Filters NONE Filters NONE Steam 1 RUN: f686cb5a-9da3-48e2-98d0-aa27694a9990